AoeStats
← matiassboss

Black Forest

509450887Analyzed
4v4 RM · 7d ago on Sep 26, 2026· 58m 0s· 8 players
Game mode
Random Map
Map size
Large (8 player)
Population
200
Speed
Normal
Resources
Standard
Victory
Conquest
Starting age
Dark Age
Ending age
Imperial Age
RankedLock teamsTeams togetherTeam positionsShared explorationLock speedFull tech treeHidden civsTurbo modeCheats
Victory
Defeat
🇨🇱 Huns · Chile
860
+14
🇸🇪 Celts · Sweden
795
+17
🇺🇸 Aztecs · United States
732
+19
🇨🇱 Georgians · Chile
717
+20
🇻🇪 Britons · Venezuela
870
-19
🇲🇽 Bulgarians · Mexico
841
-19
🇻🇪 Persians · Venezuela
794
-17
🇻🇪 Slavs · Venezuela
743
-15
Justice
12:42 Feudal Age
13:15 Horse Collar
13:24 Double-Bit Axe
14:33 Wheelbarrow
15:18 Gold Mining
15:18 Stone Mining
15:36 Man-at-Arms
21:26 Arson
21:58 Forging
26:33 Castle Age
26:51 Long Swordsman
27:40 Heavy Plow
27:51 Bow Saw
28:12 Caravan
28:42 Coinage
28:16 Squires
29:17 Scale Mail Armor
30:40 Hand Cart
31:18 Gambesons
32:14 Iron Casting
31:54 Chain Mail Armor
34:04 Town Watch
38:25 Fervor
41:05 Imperial Age
38:51 Pikeman
42:05 Two-Handed Swordsman
43:17 Crop Rotation
43:36 Banking
45:00 Blast Furnace
44:30 Plate Mail Armor
45:27 Garland Wars
45:49 Conscription
46:50 Fletching
47:00 Padded Archer Armor
46:29 Champion
47:50 Bodkin Arrow
48:27 Sanctity
48:20 Elite Skirmisher
49:21 Bracer
49:36 Leather Archer Armor
49:27 Atlatl
50:20 Gold Shaft Mining
50:23 Murder Holes
50:49 Ballistics
51:30 Chemistry
52:10 Eagle Warrior
deathstroke9515
0:31 Loom
12:20 Feudal Age
18:03 Double-Bit Axe
20:56 Castle Age
27:03 Thumb Ring
34:41 Fletching
34:51 Padded Archer Armor
37:53 Ballistics
39:11 Leather Archer Armor
38:51 Bodkin Arrow
42:56 Imperial Age
44:26 Parthian Tactics
44:48 Bracer
46:01 Chemistry
46:39 Heavy Cavalry Archer
57:03 Conscription
matiassboss
13:34 Feudal Age
14:12 Double-Bit Axe
14:10 Horse Collar
14:30 Gold Mining
14:24 Man-at-Arms
14:52 Arson
17:17 Wheelbarrow
19:55 Forging
19:47 Scale Mail Armor
23:36 Castle Age
21:40 Stone Mining
24:45 Bow Saw
24:39 Heavy Plow
24:50 Scale Barding Armor
25:03 Chain Mail Armor
25:24 Iron Casting
25:40 Hand Cart
25:36 Treadmill Crane
26:13 Caravan
26:51 Chain Barding Armor
25:54 Long Swordsman
26:35 Squires
28:13 Stone Shaft Mining
27:38 Gambesons
29:25 Town Watch
29:25 Loom
31:15 Town Patrol
35:14 Imperial Age
33:09 Husbandry
33:19 Bloodlines
35:41 Svan Towers
36:31 Plate Barding Armor
36:11 Chain Mail Armor
36:57 Blast Furnace
36:54 Aznauri Cavalry
38:34 Chemistry
40:57 Crop Rotation
40:54 Guilds
40:32 Elite Monaspa
41:20 Heavy Scorpion
42:53 Conscription
47:57 Plate Mail Armor
50:04 Pikeman
51:51 Halberdier
Wirsh
2:37 Loom
16:02 Feudal Age
22:19 Castle Age
21:44 Wheelbarrow
20:56 Double-Bit Axe
21:07 Stone Mining
21:12 Gold Mining
27:24 Wheelbarrow
33:36 Hand Cart
39:33 Imperial Age
38:19 Town Watch
38:50 Bow Saw
39:18 Gold Shaft Mining
41:05 Onager
43:13 Fortified Wall
51:18 Masonry
52:19 Gambesons
51:54 Man-at-Arms
52:20 Arson
53:53 Long Swordsman
54:38 Scale Mail Armor
54:48 Forging
56:29 Two-Handed Swordsman
AL
7:00 Loom
11:24 Feudal Age
18:45 Wheelbarrow
20:11 Horse Collar
22:14 Bloodlines
28:25 Castle Age
26:21 Stone Mining
26:26 Double-Bit Axe
30:01 Hand Cart
33:14 Imperial Age
32:05 Heavy Plow
34:19 Pikeman
35:00 Squires
41:36 Ballistics
43:29 Halberdier
robinho;
12:58 Feudal Age
13:46 Horse Collar
13:54 Double-Bit Axe
14:02 Gold Mining
18:55 Castle Age
23:33 Bow Saw
26:35 Wheelbarrow
26:30 Heavy Plow
27:01 Husbandry
27:50 Hand Cart
30:26 Caravan
39:07 Imperial Age
41:14 Conscription
43:11 Gold Shaft Mining
43:11 Crop Rotation
44:33 Elite War Elephant
46:02 Cavalier
48:00 Scale Barding Armor
48:06 Forging
47:56 Scale Mail Armor
49:17 Savar
53:10 Chemistry
Zthonk
12:35 Feudal Age
12:38 Man-at-Arms
13:19 Double-Bit Axe
14:41 Arson
18:25 Horse Collar
22:36 Fletching
22:46 Padded Archer Armor
23:07 Gold Mining
23:07 Stone Mining
25:40 Castle Age
28:38 Wheelbarrow
30:19 Crossbowman
31:43 Bodkin Arrow
33:50 Gold Shaft Mining
34:44 Hand Cart
42:31 Imperial Age
41:41 Leather Archer Armor
43:26 Ballistics
43:34 Bracer
44:05 Ring Archer Armor
46:13 Yeomen
45:19 Arbalester
45:22 Cranequins
52:17 Elite Longbowman
52:25 Cavalier
53:06 Husbandry
Bag
0:59 Loom
15:33 Feudal Age
17:14 Wheelbarrow
16:28 Double-Bit Axe
16:26 Horse Collar
16:39 Stone Mining
18:04 Gold Mining
21:00 Man-at-Arms
25:20 Forging
25:11 Scale Mail Armor
28:42 Bloodlines
29:31 Padded Archer Armor
29:22 Fletching
29:37 Scale Barding Armor
35:29 Castle Age
39:50 Hand Cart
39:39 Long Swordsman
39:40 Pikeman
40:20 Squires
39:47 Crossbowman
39:47 Elite Skirmisher
39:52 Light Cavalry
40:33 Husbandry
41:15 Iron Casting
40:55 Chain Mail Armor
40:57 Caravan
42:52 Bow Saw
48:31 Detinets
56:06 Fortified Wall
Connection lost

Rejoining the realm…

Still unreachable

The connection could not be restored.

Session expired

The server has moved on; the page needs a fresh start.